 Dungeon Crawl Stone Soup version 0.22-a0-142-g91cc6d7 (webtiles) character file.

87565 KristoblXynda the Carver (level 15, -4/129 HPs)
             Began as a Yellow Draconian Gladiator on Feb 5, 2018.
             Was the Champion of Ashenzari.
             Slain by a spiny frog (21 damage)
             ... on level 6 of the Lair of Beasts.
             The game lasted 00:55:11 (27798 turns).

KristoblXynda the Carver (DrGl)                    Turns: 27798, Time: 00:55:11

Health: -4/129     AC: 25    Str: 20    XL:     15   Next: 44%
Magic:  22/22      EV: 18    Int: 18    God:    Ashenzari [******]
Gold:   1667       SH: 10    Dex: 12    Spells: 21/24 levels left

rFire    + . .     SeeInvis +   H - +5 scimitar (flame) (curse)
rCold    + . .     Gourm    .   F - +0 buckler {AC+3} (curse)
rNeg     . . .     Faith    .   (armour unavailable)
rPois    .         Spirit   .   P - +2 hat {MR+} (curse)
rElec    .         Reflect  +   r - +2 cloak {rF+} (curse)
rCorr    +         Harm     .   L - +2 pair of gloves
MR       ++...     Clarity  +   (no boots)
Stlth    ++++......             U - +3 amulet of reflection (curse)
HPRegen  0.31/turn              j - ring "Ubisioz" {+Fly rC+ Str+4 Int+2} (curse)
MPRegen  0.18/turn              A - +5 ring of protection (curse)

@: short of breath
A: spit acid, acid resistance, unfitting armour, acidic bite, cold-blooded, AC
+9
a: Breathe Acid, Curse Item, Scrying, Transfer Knowledge, Renounce Religion,
Evoke Flight


You were on level 6 of the Lair of Beasts.
You worshipped Ashenzari.
Ashenzari was exalted by your worship.
You were not hungry.

You visited 3 branches of the dungeon, and saw 22 of its levels.
You also visited: Ice Cave and Volcano.

You collected 1667 gold pieces.

Inventory:

Hand Weapons
 H - a cursed +5 scimitar of flaming (weapon)
Missiles
 c - 6 throwing nets (quivered)
Armour
 r - a cursed +2 cloak of fire resistance (worn)
 y - a +0 shield
 F - a cursed +0 buckler of protection (worn)
 L - a +2 pair of gloves (worn)
 P - a cursed +2 hat of magic resistance (worn)
Jewellery
 j - the cursed ring "Ubisioz" (left hand) {+Fly rC+ Str+4 Int+2}
   (You found it on level 1 of the Lair of Beasts)

   [ring of flight]

   It affects your strength (+4).
   It affects your intelligence (+2).
   It protects you from cold.
   It lets you fly.
   It has a curse placed upon it.
 A - a cursed +5 ring of protection (right hand)
 G - a cursed ring of protection from fire
 I - an uncursed amulet of the gourmand
 R - an uncursed ring of positive energy
 U - a cursed +3 amulet of reflection (around neck)
Wands
 p - a wand of scattershot (7)
 u - a wand of paralysis (51)
 D - a wand of iceblast (24)
 O - a wand of digging (8)
 S - a wand of clouds (5)
Scrolls
 e - 6 scrolls of teleportation
 g - a scroll of remove curse
 h - a scroll of enchant armour
 i - a scroll of magic mapping
 n - a scroll of summoning
 t - 3 scrolls of identify
 v - 2 scrolls of immolation
 w - 5 scrolls of amnesia
 z - a scroll of fog
 M - a scroll of blinking
 N - 3 scrolls of fear
 Q - 2 scrolls of holy word
Potions
 b - a potion of mutation
 f - 6 potions of curing
 k - 3 potions of cancellation
 l - 3 potions of agility
 m - 3 potions of ambrosia
 o - 5 potions of brilliance
 q - a potion of resistance
 s - 4 potions of flight
 x - 2 potions of heal wounds
 E - a potion of haste
 J - a potion of lignification
 K - 2 potions of berserk rage
Books
 B - the Grimoire of Congealing Aid
   (You found it on level 1 of the Lair of Beasts)

   Spells                             Type                      Level
   a - Infusion                       Charms                       1
   b - Song of Slaying                Charms                       2
   c - Throw Icicle                   Conjuration/Ice              4
   d - Simulacrum                     Ice/Necromancy               6
Miscellaneous
 a - 2 boxes of beasts
 C - a fan of gales
Comestibles
 d - 17 rations
 T - 2 chunks of flesh


   Skills:
 - Level 11.0 Fighting
 - Level 14.0(18.0) Long Blades
 - Level 2.0 Throwing
 + Level 11.5 Dodging
 - Level 10.0 Stealth
 + Level 11.0(13.7) Shields
 + Level 5.3 Spellcasting
 - Level 10.1(14.4) Evocations


You had 21 spell levels left.
You knew the following spells:

 Your Spells              Type           Power        Failure   Level  Hunger
a - Tukima's Dance        Hex            #.......     28%         3    ##.....


Dungeon Overview and Level Annotations

Branches:
Dungeon (15/15)            Temple (0/1) D:6            Lair (6/6) D:8
  Swamp (1/4) Lair:4       Spider (0/4) Lair:3        Slime (0/5) Lair:5
    Orc (0/2) D:9          Vaults (0/5) D:14         Depths (0/5) D:15

Altars:
Ashenzari
Elyvilon
Fedhas
Hepliaklqana
Kikubaaqudgha
Ru
Uskayaw
Vehumet
Wu Jian
Xom
Zin
The Shining One


Innate Abilities, Weirdness & Mutations

You can spit globs of acid.
You are resistant to acid.
Your golden yellow scales are hard. (AC +9)
You cannot fit into any form of body armour.
You have acidic saliva.
You are cold-blooded and may be slowed by cold attacks.


Message History

* * * LOW HITPOINT WARNING * * *
You are lethally poisoned!
The spiny frog poisons you!
You hit the spiny frog. You burn the spiny frog.
Your bite misses the spiny frog.
The spiny frog is severely wounded.
* * * LOW HITPOINT WARNING * * *
You feel sick.
You slash the spiny frog! You burn the spiny frog.
The spiny frog is almost dead.
* * * LOW HITPOINT WARNING * * *
You feel sick. You block the spiny frog's attack.
A komodo dragon comes into view.
Unknown command.
You feel better. You block the spiny frog's attack.
Unknown command.
You closely miss the spiny frog.
The spiny frog is almost dead.
The spiny frog stings you!!
You die...

#....##..........# ... ,
, , ,,,
....<.P....P.....#P.....
, ,
.................P......,
,, ,,
..........#.†(..........
, , ≈≈
.......................,,
, , ≈≈
P........P........#l... ,
,,,,≈≈
......÷..##........##..,
, , ≈
##.†.†††##.......F.#*,. ,
≈
##††...####....@..#**,,,
,, ≈ #.†..#.# #.....### *
, * ≈ ##....#####....## *
,*,,, ≈ #.#†.###.#....#.#
**,* ,, ,≈≈
#.≈.......P...### ,≈≈
##..≈....††.≈.P# *, ,≈
P...P≈≈†≈.†....# *,, ,,≈
≈≈≈≈≈≈.≈≈≈≈..≈## ,, ,,,
≈≈≈≈≈P≈≈≈≈≈≈P.# , , , , ,


You could see a komodo dragon and a spiny frog.

Vanquished Creatures
  Rupert (Lair:3)
  Gastronok (Lair:2)
  A fire giant (D:15)
  A white draconian (IceCv)
  Harold (Lair:2)
  5 hydras
  2 catoblepae (Lair:4)
  2 ogre magi
  Erica (D:11)
  An anaconda (Lair:4)
  10 two-headed ogres
  The ghost of varam the Blocker, a novice HOFi of Makhleb (D:8)
  3 tengu warriors
  4 centaur warriors
  A death yak (IceCv)
  8 skeletal warriors
  A wizard (D:14)
  A glowing orange brain (shapeshifter) (D:14)
  4 unseen horrors
  An obsidian statue (Lair:1)
  An orc knight (D:15)
  An orc sorcerer (D:15)
  A deep elf mage (D:14)
  3 manticores
  2 oklob plants (Lair:3)
  7 ugly things
  15 elephants
  A centaur zombie (D:12)
  2 black mambas (Lair:4)
  Joseph (D:10)
  An ice statue (IceCv)
  6 gargoyles
  7 centaur skeletons
  13 spiny frogs
  A freezing wraith (D:15)
  2 ice devils (D:11)
  3 kobold demonologists
  5 komodo dragons
  4 yaktaurs (D:14)
  3 meliai (D:15)
  A tengu conjurer (D:13)
  15 polar bears
  3 tyrant leeches (Lair:6)
  A slime creature (Lair:5)
  10 blink frogs
  Prince Ribbit (Lair:3)
  2 trolls
  12 hippogriffs
  2 flying skulls (Volcano)
  2 shadows (D:14)
  A meliai zombie (D:15)
  A redback (Lair:3)
  4 wyverns
  2 alligator skeletons (Volcano)
  A wraith (D:14)
  19 yaks
  Eustachio (D:5)
  2 hungry ghosts (D:11)
  The ghost of wintastic the Archer, an amateur CeHu (D:3)
  A basilisk (D:15)
  Grum (D:11)
  6 vampire mosquitoes
  A warg (D:15)
  9 water moccasins
  An acid dragon (D:11)
  2 hell hounds (Lair:2)
  6 porcupines
  10 orc warriors
  An eye of draining (D:13)
  4 ice beasts
  2 black bears
  2 phantoms (D:7)
  14 ogres
  20 wolves
  5 centaurs
  13 crocodiles
  5 big kobolds
  A gnoll sergeant (D:6)
  24 bullfrogs
  7 scorpions
  3 wyvern skeletons
  5 killer bees (D:9)
  A spriggan skeleton (Volcano)
  A troll skeleton (Volcano)
  24 wights
  5 howler monkeys
  7 crimson imps
  4 bullfrog zombies
  A quasit (D:10)
  2 bullfrog skeletons
  5 jellies
  9 orc priests
  3 hounds
  22 orc wizards
  Natasha (thrice) (D:4)
  6 iguanas
  11 worker ants
  A killer bee zombie (D:9)
  A naga skeleton (Volcano)
  A hound zombie (D:8)
  A worker ant zombie (D:8)
  9 gnolls
  14 adders
  2 shadow imps
  2 oozes (D:3)
  An adder zombie (D:9)
  2 worms
  3 dart slugs
  4 leopard geckos
  85 orcs
  9 bats
  7 giant cockroaches
  10 goblins
  10 hobgoblins
  10 jackals
  23 kobolds
  2 quokkas
  7 frilled lizards
  2 jackal skeletons (D:4)
  A quokka skeleton (D:4)
  7 rats
  A fungus (Lair:3)
672 creatures vanquished.

Vanquished Creatures (others)
  A polar bear (IceCv)
  A flying skull (Volcano)
  5 yaks (IceCv)
  6 wolves (IceCv)
  10 fungi
  38 plants (Lair:6)
61 creatures vanquished.

Grand Total: 733 creatures vanquished

Notes
Turn   | Place    | Note
-------+----------+-------------------------------------------
     0 | D:1      | KristoblXynda the Draconian Gladiator began the quest for the Orb.
     0 | D:1      | Reached XP level 1. HP: 17/17 MP: 1/1
   155 | D:1      | Reached XP level 2. HP: 8/24 MP: 2/2
   499 | D:1      | Found a shattered altar of Ashenzari.
   806 | D:1      | Became a worshipper of Ashenzari the Shackled
  1003 | D:2      | Reached XP level 3. HP: 16/29 MP: 3/3
  1348 | D:2      | Reached skill level 4 in Long Blades
  1359 | D:2      | Reached XP level 4. HP: 22/36 MP: 4/4
  2605 | D:3      | Noticed wintastic's ghost (amateur CeHu)
  2722 | D:3      | Reached XP level 5. HP: 35/41 MP: 5/5
  2766 | D:3      | Reached skill level 5 in Long Blades
  2882 | D:3      | Killed wintastic's ghost
  2882 | D:3      | Reached XP level 6. HP: 41/48 MP: 6/6
  3072 | D:3      | Reached skill level 6 in Long Blades
  3486 | D:4      | Noticed Natasha
  3502 | D:4      | Killed Natasha
  3754 | D:4      | Noticed Natasha
  3787 | D:4      | Killed Natasha
  3797 | D:4      | Noticed Natasha
  3812 | D:4      | Killed Natasha
  3975 | D:4      | Found a white marble altar of Elyvilon.
  4131 | D:4      | Your scales start taking on a golden yellow colour.
  4131 | D:4      | Reached XP level 7. HP: 44/55 MP: 7/7
  4323 | D:5      | Entered Level 5 of the Dungeon
  4336 | D:5      | Reached skill level 7 in Long Blades
  4384 | D:5      | Found a glowing golden altar of the Shining One.
  4386 | D:5      | Found a sacrificial altar of Ru.
  4430 | D:5      | Reached skill level 5 in Dodging
  4522 | D:5      | Noticed Eustachio
  4535 | D:5      | Killed Eustachio
  4539 | D:5      | Reached skill level 8 in Long Blades
  4575 | D:5      | HP: 1/55 [centaur (9)]
  4576 | D:5      | Reached XP level 8. HP: 1/61 MP: 8/8
  4887 | D:5      | Reached * piety under Ashenzari
  5665 | D:6      | Reached skill level 9 in Long Blades
  5834 | D:6      | Found a radiant altar of Vehumet.
  5969 | D:6      | Found a staircase to the Ecumenical Temple.
  6239 | D:6      | Found a glowing silver altar of Zin.
  6239 | D:6      | Noticed an angel
  6419 | D:6      | Found an ornate altar of the Wu Jian Council.
  6455 | D:6      | Reached skill level 10 in Long Blades
  6678 | D:7      | Reached ** piety under Ashenzari
  6680 | D:7      | Reached XP level 9. HP: 67/67 MP: 9/9
  6922 | D:7      | Found a hazy altar of Hepliaklqana.
  6922 | D:7      | Found a blossoming altar of Fedhas.
  7349 | D:7      | Found a hide-covered altar of Uskayaw.
  7878 | D:8      | Noticed varam's ghost (novice HOFi)
  7895 | D:8      | Reached skill level 11 in Long Blades
  7964 | D:8      | Killed varam's ghost
  8016 | D:8      | Reached XP level 10. HP: 37/80 MP: 8/10
  8036 | D:8      | Noticed a two-headed ogre
  8273 | D:8      | Reached skill level 5 in Fighting
  8296 | D:8      | Killed a two-headed ogre
  8558 | D:8      | Found an ancient bone altar of Kikubaaqudgha.
  8651 | D:8      | Found a staircase to the Lair.
  8777 | D:8      | Reached skill level 12 in Long Blades
  9427 | D:9      | Found a shimmering altar of Xom.
  9581 | D:9      | Found a staircase to the Orcish Mines.
  9921 | D:10     | Entered Level 10 of the Dungeon
 10250 | D:10     | Noticed a two-headed ogre
 10258 | D:10     | Killed a two-headed ogre
 10258 | D:10     | Reached XP level 11. HP: 76/92 MP: 11/11
 10454 | D:10     | Noticed Joseph
 10464 | D:10     | Killed Joseph
 10464 | D:10     | Reached skill level 13 in Long Blades
 10552 | D:11     | Noticed Grum
 10565 | D:11     | Noticed a cyan ugly thing
 10584 | D:11     | Noticed a centaur warrior
 10595 | D:11     | Killed a centaur warrior
 10649 | D:11     | Reached *** piety under Ashenzari
 10655 | D:11     | Found a frozen archway.
 10687 | IceCv    | Entered an ice cave
 11181 | IceCv    | HP: 1/93 [something (24)]
 12586 | IceCv    | Noticed a death yak
 12600 | IceCv    | Killed a death yak
 13209 | IceCv    | Reached skill level 14 in Long Blades
 13383 | IceCv    | Noticed a white draconian
 13408 | IceCv    | Reached skill level 1 in Stealth
 13435 | IceCv    | Killed a white draconian
 13435 | IceCv    | Reached skill level 10 in Dodging
 13461 | IceCv    | Reached XP level 12. HP: 80/104 MP: 8/12
 14615 | D:11     | Noticed Erica
 14624 | D:11     | Killed Erica
 14704 | D:11     | Killed Grum
 15204 | D:11     | Reached skill level 1 in Evocations
 15299 | D:11     | Reached skill level 10 in Fighting
 15420 | D:12     | Noticed a two-headed ogre
 15422 | D:12     | Killed a two-headed ogre
 15514 | D:12     | Reached skill level 5 in Stealth
 15731 | D:12     | Reached skill level 1 in Shields
 15835 | D:12     | Noticed a two-headed ogre
 15847 | D:12     | Killed a two-headed ogre
 16519 | D:12     | Noticed an eight-headed hydra
 16526 | D:12     | Killed a six-headed hydra
 17466 | D:12     | Reached skill level 5 in Evocations
 17466 | D:12     | Reached XP level 13. HP: 103/113 MP: 16/16
 18463 | D:13     | Reached skill level 5 in Shields
 18678 | D:13     | Found the +6 Majin-Bo {vamp, Archmagi MP+6 Int+6}
 19290 | D:14     | Reached **** piety under Ashenzari
 20201 | D:14     | Found a gate to the Vaults.
 20207 | D:14     | Gained mutation: You have acidic saliva. [Yellow Draconian growth]
 20207 | D:14     | Reached XP level 14. HP: 119/121 MP: 18/20
 20857 | D:15     | Entered Level 15 of the Dungeon
 20961 | D:15     | Found a staircase to the Depths.
 20961 | D:15     | Noticed a fire giant
 21007 | D:15     | Killed a fire giant
 21296 | D:15     | Reached skill level 10 in Stealth
 21646 | D:15     | Reached ***** piety under Ashenzari
 22013 | D:15     | Found a sacrificial altar of Ru.
 22368 | Lair:1   | Entered Level 1 of the Lair of Beasts
 22395 | Lair:1   | Learned a level 3 spell: Tukima's Dance
 23036 | Lair:1   | Identified the ring "Ubisioz" {+Fly rC+ Str+4 Int+2}
 23055 | Lair:1   | Identified the Grimoire of Congealing Aid
 23183 | Lair:2   | Noticed Gastronok
 23192 | Lair:2   | Noticed Harold
 23220 | Lair:2   | Killed Harold
 23328 | Lair:2   | Found a dark tunnel.
 23344 | Volcano  | Entered a volcano
 24377 | Lair:2   | Killed Gastronok
 24377 | Lair:2   | Reached skill level 1 in Spellcasting
 24377 | Lair:2   | Reached skill level 10 in Evocations
 24414 | Lair:2   | Identified the cursed +1 war axe of Nifawk {drain, Int+5} (You found it on level 2 of the Lair of Beasts)
 24620 | Lair:3   | Noticed Prince Ribbit
 24624 | Lair:3   | Killed Prince Ribbit
 24741 | Lair:3   | Found a hole to the Spider Nest.
 24847 | Lair:3   | Noticed Rupert
 24855 | Lair:3   | Killed Rupert
 25198 | Lair:3   | Identified a scroll of acquirement
 25501 | Lair:4   | Found a staircase to the Swamp.
 25504 | Lair:4   | Reached skill level 10 in Shields
 25602 | Lair:4   | Reached ****** piety under Ashenzari
 25870 | Lair:4   | Reached XP level 15. HP: 129/129 MP: 22/22
 26279 | Swamp:1  | Entered Level 1 of the Swamp
 26295 | Lair:5   | Identified the +11 short sword "Jogg" {flame, rElec rPois}
 26869 | Lair:5   | Found a staircase to the Slime Pits.
 27429 | Lair:6   | Entered Level 6 of the Lair of Beasts
 27626 | Lair:6   | Reached skill level 5 in Spellcasting
 27798 | Lair:6   | Slain by a spiny frog

Vault maps used:
D:1:      saegor_arrival_simple_a, minmay_misc_feat_hallway,
          evilmike_ruin_ashenzari
D:2:      grunt_decor_arrowhead
D:4:      lemuel_crystal_altar, first_ration, roderic_roman_lattice,
          uniq_natasha
D:5:      chequers_temple_overflow_statue_of_worship, uniq_eustachio
D:6:      zin_angel, kennysheep_mini_moat, lemuel_doored_altar,
          minmay_temple_entry_mist
D:7:      kennysheep_little_box, gammafunk_temple_overflow_statue,
          grunt_ogre_cave, due_unseen_surprise
D:8:      nicolae_overflow_hidden_temple, dpeg_oklobed_lair
D:9:      xom_teletrap_fun, orc_0_dummy
D:10:     uniq_joseph
D:11:     portal_ice_cave_demonic_guard, nicolae_benzene_ring,
          minmay_misc_feat_five, uniq_erica, uniq_grum
D:14:     hangedman_vaults_entry_quadrant_bands
D:15:     grunt_enter_depths_giant_problem, nicolae_ru_the_path_less_chosen
Lair:1:   statuecave_lemuel
Lair:2:   enter_volcano_3, uniq_harold, uniq_gastronok
Lair:3:   spider_nest_entry_webs, uniq_rupert, uniq_prince_ribbit2
Lair:4:   minmay_swamp_entry_reptiles, nzn_random_ring, serial_bayou_shore_b,
          grunt_megastairs_1
Lair:5:   minmay_slime_entry_pillars, grunt_megastairs_5
Lair:6:   minmay_lair_end_frog_pond, minmay_lindwurm_lava
Swamp:1:  hangedman_swamp_ruin_hall, swamp_pool1
IceCv:    ice_cave_caverns_03
Volcano:  volcano_tomb

Skill      XL: |  1  2  3  4  5  6  7  8  9 10 11 12 13 14 15 |
---------------+----------------------------------------------+-----
Throwing       | 2 |  2.0
Dodging        | 3 4 5 6 7 8 10 11 | 11.5
Long Blades    | 4 5 6 8 10 11 12 14 | 14.0
Fighting       | 4 7 9 10 11 | 11.0
Stealth        | 2 6 9 10 | 10.0
Evocations     | 5 8 10 | 10.1
Shields        | 4 7 10 11 | 11.0
Spellcasting   | 3 5 |  5.3

Action                   |  1- 3 |  4- 6 |  7- 9 | 10-12 | 13-15 || total
-------------------------+-------+-------+-------+-------+-------++-------
Melee: Long sword        |    84 |   241 |   371 |   567 |       ||  1263
       Tailslap          |     9 |    23 |    56 |   166 |   203 ||   457
       Unarmed           |       |     3 |       |       |       ||     3
       Scimitar          |       |       |       |   180 |  1072 ||  1252
       Bite              |       |       |       |       |   104 ||   104
Invok: Curse Item        |       |     1 |     2 |       |     6 ||     9
 Abil: Breathe Acid      |       |       |    11 |    36 |    16 ||    63
       Evoke Flight      |       |       |       |       |     1 ||     1
Evoke: Wand              |       |       |       |    16 |    11 ||    27
       Fan of gales      |       |       |       |       |     1 ||     1
  Use: Scroll            |       |     6 |     5 |    17 |    21 ||    49
       Potion            |       |     1 |     3 |     4 |     5 ||    13
 Stab: Sleeping          |       |     2 |     3 |     6 |    26 ||    37
       Distracted        |       |       |       |       |     5 ||     5
       Paralysed         |       |       |       |       |     9 ||     9
       Petrified         |       |       |       |       |     5 ||     5
  Eat: Chunk             |     1 |     6 |     6 |    11 |     7 ||    31
       Ration            |       |     1 |     4 |     7 |     9 ||    21
Armor: Skin              |    22 |   111 |   180 |   205 |   301 ||   819
Dodge: Dodged            |    56 |   218 |   207 |   654 |   694 ||  1829
Block: Buckler           |       |       |       |       |   282 ||   282
       Rpst.: Long sword |    19 |    66 |    70 |   137 |       ||   292
       Scimitar          |       |       |       |    42 |   159 ||   201

Table legend:
 A = Spawn XP
 B = Non-spawn XP
 C = Spawn XP percentage of total XP
 D = Spawn monster count
 E = Non-spawn monster count
 F = Spawn count percentage of total count
 G = Total turns spent on level
                    A         B        C        D         E        F      G
               +---------+---------+-------+---------+---------+-------+---------
         Total |       0 |  125094 |   0.0 |       0 |     673 |   0.0 | 27798
               +---------+---------+-------+---------+---------+-------+---------
           D:1 |       0 |      32 |   0.0 |       0 |      19 |   0.0 |   829
           D:2 |       0 |     121 |   0.0 |       0 |      34 |   0.0 |  1448
           D:3 |       0 |     374 |   0.0 |       0 |      43 |   0.0 |  1108
           D:4 |       0 |     241 |   0.0 |       0 |      15 |   0.0 |   938
           D:5 |       0 |    1043 |   0.0 |       0 |      29 |   0.0 |  1181
           D:6 |       0 |     936 |   0.0 |       0 |      22 |   0.0 |  1174
           D:7 |       0 |     992 |   0.0 |       0 |      19 |   0.0 |   948
           D:8 |       0 |    3639 |   0.0 |       0 |      47 |   0.0 |  1588
           D:9 |       0 |    2023 |   0.0 |       0 |      37 |   0.0 |   756
          D:10 |       0 |    2275 |   0.0 |       0 |      19 |   0.0 |   667
          D:11 |       0 |    6579 |   0.0 |       0 |      40 |   0.0 |  1176
          D:12 |       0 |   11079 |   0.0 |       0 |      44 |   0.0 |  2316
          D:13 |       0 |    8430 |   0.0 |       0 |      34 |   0.0 |  1118
          D:14 |       0 |   20730 |   0.0 |       0 |      61 |   0.0 |  2104
          D:15 |       0 |   11293 |   0.0 |       0 |      29 |   0.0 |  1313
        Lair:1 |       0 |    1607 |   0.0 |       0 |       7 |   0.0 |   812
        Lair:2 |       0 |    7195 |   0.0 |       0 |      20 |   0.0 |   905
        Lair:3 |       0 |    6697 |   0.0 |       0 |      15 |   0.0 |   807
        Lair:4 |       0 |   10145 |   0.0 |       0 |      29 |   0.0 |   866
        Lair:5 |       0 |    8724 |   0.0 |       0 |      31 |   0.0 |  1134
        Lair:6 |       0 |    7671 |   0.0 |       0 |      30 |   0.0 |   369
         IceCv |       0 |    9578 |   0.0 |       0 |      37 |   0.0 |  3704
       Volcano |       0 |    3690 |   0.0 |       0 |      12 |   0.0 |   535
               +---------+---------+-------+---------+---------+-------+---------
